 Dungeon Crawl Stone Soup version 0.27.1 (webtiles) character file.

Game seed: 11582706703973815475

8345 pkoi the Grappler (level 11, -5/105 HPs)
             Began as a Troll Brigand on Aug 25, 2021.
             Was a Believer of Makhleb.
             Slain by an orc (6 damage)
             ... in a bailey.
             The game lasted 00:13:45 (6696 turns).

pkoi the Grappler (Troll Brigand)                   Turns: 6696, Time: 00:13:46

Health: -5/105     AC:  6    Str: 24    XL:     11   Next: 8%
Magic:  13/13      EV: 11    Int:  7    God:    Makhleb [**....]
Gold:   359        SH:  0    Dex: 11    Spells: 12/14 levels left

rFire    . . .     SeeInvis .     - Unarmed
rCold    . . .     Faith    .   (no shield)
rNeg     . . .     Spirit   .   b - +0 robe
rPois    .         Reflect  .   (helmet restricted)
rElec    .         Harm     .   c - +1 cloak
rCorr    .         Rampage  .   (gloves unavailable)
Will     .....                  (boots unavailable)
Stlth    ++........             (no amulet)
HPRegen  1.27/turn              (no ring)
MPRegen  0.13/turn              (no ring)

@: no status effects
A: large, unfitting armour, claws 3, regeneration 1, shaggy fur 1, tough skin 1
a: Renounce Religion, Minor Destruction


You were in a bailey.
You worshipped Makhleb.
Makhleb was pleased with you.
You visited 2 branches of the dungeon, and saw 10 of its levels.
You also visited: Sewer, Ossuary and Bailey.

You collected 359 gold pieces.

Inventory:

Hand Weapons
 a - a +2 dagger of flaming
Missiles
 d - 38 poisoned darts (quivered)
 e - 2 curare-tipped darts
 m - 3 boomerangs of dispersal
 n - 4 boomerangs
 w - 6 javelins
 A - a throwing net
Armour
 b - a +0 robe (worn)
 c - a +1 cloak (worn)
Jewellery
 f - an amulet of the acrobat
Wands
 q - a wand of flame (21)
 v - a wand of polymorph (4)
 D - a wand of paralysis (13)
Scrolls
 g - 4 scrolls of teleportation
 t - 2 scrolls of blinking
 y - a scroll of amnesia
Potions
 h - 4 potions of lignification
 i - 4 potions of magic
 j - 4 potions of haste {unknown}
 k - a potion of invisibility
 l - a potion of brilliance
 o - 3 potions of mutation {unknown}
 p - 2 potions of resistance
 r - 3 potions of heal wounds
 s - 3 potions of curing
 u - a potion of ambrosia
 x - a potion of might
 z - 2 potions of cancellation {unknown}
 C - 2 potions of berserk rage {unknown}


   Skills:
 + Level 6.2 Fighting
 - Level 1.5 Short Blades
 - Level 1.7 Throwing
 - Level 1.0 Armour
 + Level 6.0 Dodging
 - Level 2.1 Stealth
 + Level 14.3 Unarmed Combat
 - Level 2.0 Spellcasting
 - Level 2.7 Translocations
 * Level 3.4 Invocations


You had 12 spell levels left.
You knew the following spells:

 Your Spells              Type           Power      Damage    Failure   Level
a - Blink                 Tloc           N/A        N/A       19%         2

Your spell library contained the following spells:

 Spells                   Type           Power      Damage    Failure   Level
 Corona                   Hex            0%         N/A       36%         1
 Foxfire                  Conj/Fire      0%         2x1d4     36%         1
 Freeze                   Ice            0%         1d3       36%         1
 Ensorcelled Hibernation  Hex/Ice        0%         N/A       50%         2
 Static Discharge         Conj/Air       0%         N/A       50%         2
 Conjure Flame            Conj/Fire      0%         6-21      75%         3
 Frozen Ramparts          Ice            0%         1d2       75%         3
 Inner Flame              Hex/Fire       0%         N/A       75%         3
 Summon Guardian Golem    Hex/Summ       0%         N/A       75%         3
 Tukima's Dance           Hex            0%         N/A       75%         3
 Hailstorm                Conj/Ice       0%         3d3       98%         4
 Manifold Assault         Tloc           4%         N/A       98%         5
 Lightning Bolt           Conj/Air       0%         1d11      100%        5
 Orb of Destruction       Conj           0%         N/A       100%        7
 Spellforged Servitor     Conj/Summ      0%         N/A       100%        7
 Storm Form               Tmut/Air       0%         N/A       100%        7
 Maxwell's Capacitive Co  Air            0%         ∞         100%        8


Dungeon Overview and Level Annotations

Branches:
Dungeon (9/15)             Temple (1/1) D:7           Sewer (visited)
Ossuary (visited)          Bailey (1/1)
   Lair: D:8-11         Orc: D:9-12

Altars:
Ashenzari
Cheibriados
Gozag
Hepliaklqana
Kikubaaqudgha
Makhleb
Nemelex Xobeh
Okawaru
Ru
Sif Muna
Trog
Uskayaw
Vehumet
Wu Jian
Xom
Yredelemnul
Zin
The Shining One

Shops:
D:4 *   D:6 (


Innate Abilities, Weirdness & Mutations

You are too large for most types of armour.
You have claws for hands.
Your natural rate of healing is unusually fast.
You are covered in fur. (AC +1)
You have tough skin. (AC +1)


Message History

* * * LOW HITPOINT WARNING * * *
The orc hits you but does no damage. The orc barely misses you.
The orc hits you from afar with a +0 spear.
* * * LOW HITPOINT WARNING * * *
The orc barely misses you. The orc hits you but does no damage.
There is a gate leading back out of this place here.
You barely miss the orc. The orc hits you but does no damage.
The orc barely misses you. The orc completely misses you.
You barely miss the orc. The orc hits you but does no damage.
The orc hits you from afar with a +0 halberd.
* * * LOW HITPOINT WARNING * * *
The orc closely misses you.
You mangle the orc!!
You kill the orc!
Makhleb accepts your kill.
You feel better. The orc barely misses you. The orc closely misses you.
The orc hits you with a +0 halberd.
* * * LOW HITPOINT WARNING * * *
The orc misses you.
The orc hits you from afar with a +0 spear.
* * * LOW HITPOINT WARNING * * *
The orc closely misses you.
You mangle the orc!!
You kill the orc!
Makhleb accepts your kill.
You feel better. The orc closely misses you. x2
The orc hits you from afar with a +0 spear.
* * * LOW HITPOINT WARNING * * *
The orc hits you with a +0 halberd!
* * * LOW HITPOINT WARNING * * *
The orc closely misses you.
The orc hits you from afar with a +0 spear.
* * * LOW HITPOINT WARNING * * *
The orc misses you. The orc closely misses you.
There is a gate leading back out of this place here.
The orc barely misses you.
The orc hits you from afar with a +0 spear.
* * * LOW HITPOINT WARNING * * *
The orc hits you from afar with a +0 halberd.
You die...

###########
##)@)o......
#....o......
#.))oo......
#∩..........
#...........
#...........
##.∩........
###########


You could see 4 orcs.

Vanquished Creatures
  Harold (D:8)
  A two-headed ogre (D:8)
  Prince Ribbit (D:7)
  4 yaks
  A wyvern (D:8)
  A steam dragon (D:7)
  Edmund (D:4)
  4 water moccasins
  Duvessa (D:6)
  A black bear (D:6)
  3 orc warriors
  A necrophage (D:4)
  An ogre (D:4)
  A centaur (D:5)
  2 bullfrogs
  A gnoll sergeant (D:7)
  Dowan (D:6)
  A scorpion (D:5)
  A water moccasin skeleton (D:7)
  A wight (D:8)
  A bullfrog zombie (D:5)
  2 hounds
  2 bullfrog skeletons (D:4)
  4 jellies
  An orc priest (D:6)
  6 orc wizards
  3 iguanas
  Natasha (D:2)
  A mummy (Ossuary)
  8 gnolls (D:7)
  A howler monkey skeleton (D:7)
  10 adders
  11 river rats
  A white imp (D:7)
  2 ufetubi (D:5)
  3 worms
  10 dart slugs
  26 orcs
  3 spectral bats (Ossuary)
  2 bat simulacra (Ossuary)
  8 endoplasms
  3 giant cockroaches
  8 goblins
  9 hobgoblins
  3 jackals (D:1)
  3 quokkas
  8 ball pythons
  8 bats
  5 frilled lizards
  12 gnoll zombies (Ossuary)
  3 goblin simulacra (Ossuary)
  8 goblin zombies (Ossuary)
  3 hobgoblin zombies (Ossuary)
  20 kobolds
  5 kobold simulacra (Ossuary)
  6 kobold zombies (Ossuary)
  An orc zombie (Ossuary)
  19 rats
  5 rat simulacra (Ossuary)
  A spectral goblin (Ossuary)
  4 spectral kobolds (Ossuary)
  3 spectral rats (Ossuary)
272 creatures vanquished.

Notes
Turn   | Place    | Note
-------+----------+-------------------------------------------
     0 | D:1      | pkoi the Troll Brigand began the quest for the Orb.
     0 | D:1      | Reached XP level 1. HP: 19/19 MP: 0/0
    32 | D:1      | Reached skill level 1 in Unarmed Combat
    60 | D:1      | Reached XP level 2. HP: 24/27 MP: 1/1
    74 | D:1      | Reached skill level 2 in Unarmed Combat
   425 | D:2      | Reached XP level 3. HP: 33/33 MP: 2/2
   672 | D:2      | Found a faded altar of an unknown god.
   744 | D:2      | Noticed Natasha
   750 | D:2      | Killed Natasha
   751 | D:2      | Reached skill level 3 in Unarmed Combat
   833 | D:2      | Reached XP level 4. HP: 33/41 MP: 3/3
  1192 | D:3      | Reached skill level 4 in Unarmed Combat
  1880 | D:3      | Reached XP level 5. HP: 48/48 MP: 4/4
  1896 | D:4      | Reached skill level 5 in Unarmed Combat
  1932 | D:4      | Noticed a necrophage
  1932 | D:4      | Found Ceaploir's Lightly-Used Armoury.
  1942 | D:4      | Killed a necrophage
  1943 | D:4      | Reached skill level 6 in Unarmed Combat
  1943 | D:4      | Reached XP level 6. HP: 40/55 MP: 5/5
  2022 | D:4      | Learned a level 2 spell: Blink
  2164 | D:4      | Found a glowing drain.
  2198 | Sewer    | Entered a sewer
  2404 | Sewer    | Reached skill level 1 in Translocations
  2447 | Sewer    | Reached XP level 7. HP: 62/62 MP: 7/7
  2831 | D:4      | Reached skill level 7 in Unarmed Combat
  2831 | D:4      | Reached skill level 1 in Spellcasting
  2990 | D:4      | Found a radiant altar of Vehumet.
  3037 | D:5      | Entered Level 5 of the Dungeon
  3071 | D:5      | Noticed Edmund
  3115 | D:4      | Killed Edmund
  3434 | D:5      | Reached skill level 8 in Unarmed Combat
  3434 | D:5      | Reached XP level 8. HP: 61/70 MP: 9/9
  3618 | D:5      | Reached skill level 14 in Unarmed Combat
  3618 | D:5      | Reached XP level 9. HP: 76/76 MP: 10/10
  3619 | D:5      | Reached skill level 5 in Fighting
  3619 | D:5      | Reached skill level 5 in Dodging
  3619 | D:5      | Reached XP level 10. HP: 96/96 MP: 11/11
  3710 | D:5      | Found an opulent altar of Gozag.
  3973 | D:6      | Found Ysiogaab's Firing Range.
  4061 | D:6      | Noticed Duvessa
  4062 | D:6      | Noticed Dowan
  4122 | D:6      | Killed Duvessa
  4128 | D:6      | Killed Dowan
  4391 | D:6      | Found a sparkling altar of Nemelex Xobeh.
  4578 | D:7      | Found a staircase to the Ecumenical Temple.
  4581 | D:7      | Reached skill level 1 in Armour
  4614 | Temple   | Entered the Ecumenical Temple
  4807 | Temple   | Became a worshipper of Makhleb the Destroyer
  4849 | D:7      | Found a sand-covered staircase.
  4853 | Ossuary  | Entered an ossuary
  4966 | Ossuary  | Reached * piety under Makhleb
  5252 | D:7      | Noticed Prince Ribbit
  5260 | D:7      | Killed Prince Ribbit
  5261 | D:7      | Reached skill level 1 in Invocations
  5301 | D:7      | Reached ** piety under Makhleb
  6067 | D:8      | Noticed a cyclops
  6108 | D:8      | Found a hide-covered altar of Uskayaw.
  6108 | D:8      | Found a sparkling altar of Nemelex Xobeh.
  6187 | D:8      | Noticed Harold
  6199 | D:8      | Killed Harold
  6312 | D:8      | Noticed a deep elf pyromancer
  6313 | D:8      | Noticed a death knight
  6496 | D:8      | Noticed a four-headed hydra
  6550 | D:8      | Noticed a two-headed ogre
  6559 | D:8      | Killed a two-headed ogre
  6560 | D:8      | Reached XP level 11. HP: 34/105 MP: 13/13
  6579 | D:8      | HP: 1/105 [acid (12)]
  6582 | D:9      | Found a flagged portal.
  6651 | Bailey   | Entered a bailey
  6694 | Bailey   | HP: 2/105 [orc (8)]
  6696 | Bailey   | Slain by an orc

Illustrated notes

Levels and vault maps discovered:
D:1:      dpeg_arrival_erosion, layout_rooms
D:2:      layout_loops_cross, ebering_ecumenical_altar_sacrificial,
          chequers_decorated_corner, uniq_natasha
D:3:      layout_loops_ring, grunt_ministairs_5, uniq_jessica
D:4:      kennysheep_slugbush, layout_rooms, kennysheep_little_box,
          portal_sewer_entry_b, minmay_shop_damaged, grunt_decor_resistance,
          kennysheep_diamond
D:5:      layout_loops_corners, nicolae_overflow_hidden_temple, uniq_edmund
D:6:      layout_cave_pools, nemelex_spade_bored_becter, minmay_misc_feat_iff,
          nicolae_shop_firing_range, uniq_duvessa
D:7:      layout_loops_corners, minmay_temple_entry_tees, enter_ossuary_5,
          uniq_prince_ribbit1
D:8:      minmay_the_grid_octo_2x2 [minmay_the_grid_octo_77,
          minmay_the_grid_octo_clover_2, minmay_the_grid_octo_vomiting_pacman,
          minmay_the_grid_octo_prize_square_snowflake], layout_rooms,
          tgw_fedhas, uniq_harold
D:9:      layout_loops_ring, mainiacjoe_overflow_surrounded_room,
          lemuel_coloured_pillars_altar, enter_bailey_2, serial_shops,
          nicolae_shop_waterfront, uniq_maurice
Temple:   regret_index_temple_generic_petals
Bailey:   bailey_polearm_5, bailey

Skill      XL: |  1  2  3  4  5  6  7  8  9 10 |
---------------+-------------------------------+-----
Unarmed Combat | 1 2 3 4 6 8 14 | 14.3
Translocations | 1 2 |  2.7
Spellcasting   | 1 2 |  2.0
Fighting       | 5 6 |  6.2
Dodging        | 5 6 |  6.0
Armour         | 1 |  1.0
Invocations    | 3 |  3.4
Short Blades   | |  1.5
Throwing       | |  1.7
Stealth        | |  2.1

Action                   |  1- 3 |  4- 6 |  7- 9 | 10-12 || total
-------------------------+-------+-------+-------+-------++-------
Melee: Unarmed           |   104 |   244 |    78 |   271 ||   697
       Punch             |     1 |     1 |     2 |    12 ||    16
Throw: Dart              |     2 |       |       |    10 ||    12
  Use: Scroll            |     1 |    12 |     7 |     2 ||    22
       Potion            |     1 |       |     2 |       ||     3
 Stab: Sleeping          |     3 |     7 |     1 |     6 ||    17
Armor: Robe              |    47 |   119 |    18 |    99 ||   283
Dodge: Dodged            |    49 |   148 |    40 |   204 ||   441
